 Dungeon Crawl Stone Soup version 0.24-a0-291-g79c1ce788c (webtiles) character file.

Game seed: 5523988703963690886

1085 Jannitor the Shield-Bearer (level 8, -1/43 HPs)
             Began as a Vine Stalker Fighter on May 9, 2019.
             Slain by a killer bee (6 damage)
             ... on level 4 of the Dungeon.
             The game lasted 00:03:59 (2502 turns).

Jannitor the Shield-Bearer (Vine Stalker Fighter)   Turns: 2502, Time: 00:04:00

Health: -1/43      AC: 13    Str: 17 (20) XL:     8   Next: 30%
Magic:  0/18       EV:  3    Int:  7 (8)  God:
Gold:   119        SH:  9    Dex: 12 (15) Spells: 7/7 levels left

rFire    . . .     SeeInvis .   m - +5 broad axe (venom)
rCold    . . .     Gourm    .   c - +0 shield
rNeg     . . .     Faith    .   g - +0 plate armour
rPois    +         Spirit   +   d - +0 helmet
rElec    .         Reflect  .   u - scarf {Spirit}
rCorr    .         Harm     .   (no gloves)
MR       +....                  (no boots)
Stlth    ..........             (no amulet)
HPRegen  0.54/turn              w - ring of magical power
MPRegen  0.16/turn              p - ring of poison resistance

@: lethally poisoned (-1 -> -1)
A: fangs 3, deterioration 1, regeneration 1, magic shield, antimagic bite, no
potion heal 3, rot immunity
a: no special abilities


You were on level 4 of the Dungeon.
You were hungry.

You visited 2 branches of the dungeon, and saw 6 of its levels.
You also visited: Sewer.

You collected 119 gold pieces.

Inventory:

Hand Weapons
 a - a +0 war axe
 h - the +4 hand axe "Secret Weapon" {drain, *Contam Str+6 Dex+8}
   (You found it on level 4 of the Dungeon)

   A truly terrible weapon, it drains the life of those it strikes.
   It affects your strength (+6).
   It affects your dexterity (+8).
   It causes magical contamination when unequipped.
 m - a +5 broad axe of venom (weapon)
Armour
 b - a +0 scale mail
 c - a +0 shield (worn)
 d - a +0 helmet (worn)
 g - a +0 plate armour (worn)
 u - a scarf of spirit shield (worn)
Jewellery
 i - an uncursed ring of protection from magic
 p - a ring of poison resistance (right hand)
 q - an uncursed ring of see invisible {unknown}
 r - a +1 ring of protection
 w - a ring of magical power (left hand)
Wands
 n - a wand of digging (2)
 o - a wand of paralysis (6)
Scrolls
 e - 3 scrolls of teleportation {unknown}
 j - 2 scrolls of identify {unknown}
 k - 2 scrolls of blinking {unknown}
 s - 4 scrolls of fog {unknown}
 t - 2 scrolls of enchant armour {unknown}
 x - a scroll of magic mapping {unknown}
Potions
 l - 2 potions of degeneration
 z - a potion of curing
 B - a potion of brilliance
Comestibles
 f - 7 rations


   Skills:
 + Level 5.0 Fighting
 + Level 4.6 Axes
 + Level 4.6 Armour
 + Level 5.0 Shields


You had 7 spell levels left.
You didn't know any spells.
Your spell library contained the following spells:

 Spells                   Type           Power        Failure   Level  Hunger
 Beastly Appendage        Tmut           #.....       100%        1    ##.....
 Sticks to Snakes         Tmut           #.......     100%        2    ###....
 Spider Form              Tmut/Pois      #.........   100%        3    ####...
 Ice Form                 Ice/Tmut       #.......     100%        4    #####..
 Blade Hands              Tmut           #.........   100%        5    ######.


Dungeon Overview and Level Annotations

Branches:
Dungeon (5/15)             Temple (1/1) D:4

Altars:
Ashenzari
Cheibriados
Dithmenos
Elyvilon
Fedhas
Kikubaaqudgha
Nemelex Xobeh
Okawaru
Qazlal
Sif Muna
Trog
Vehumet
Wu Jian
Xom
Yredelemnul
The Shining One


Innate Abilities, Weirdness & Mutations

You have razor-sharp teeth.
Your natural rate of healing is unusually fast.
When hurt, damage is shared between your health and your magic reserves.
Your bite disrupts and absorbs the magic of your enemies.
Potions cannot restore your health.
You are immune to rotting.
Your body sometimes deteriorates upon taking damage.


Message History

Unknown command.
Unknown command.
Unknown command.
You barely miss the killer bee.
The killer bee is moderately wounded.
You feel sick. The killer bee stings you. x3
Your shield prevents you from hitting the killer bee.
The killer bee is moderately wounded.
You feel sick. The killer bee stings you.
* * * LOW HITPOINT WARNING * * *
You block the killer bee's attack.
You closely miss the killer bee.
You bite the killer bee, but do no damage.
The killer bee is moderately wounded.
You feel sick. The killer bee stings you!
* * * LOW HITPOINT WARNING * * *
The killer bee stings you.
* * * LOW HITPOINT WARNING * * *
The killer bee stings you!
You die...

#.##....#.8.#............
#.#...#.......#..........
#.#.#...8.>.8...#.#......
#.#...#.......#...#......
#.###...#.8.#............
#.###.#..................
#....##..#.#.............
#######...##.......#..........
#..#.##..####@.#..#..........#
#.....#p#.....y.............##
#.........##...............###
##........##..#............##.
#..))...#.#.###...>..........
#..###......##..###..........
#### ##...#.>..## ##.........
##..#....## ##........
##..##....# #........


You could see a killer bee.

Vanquished Creatures
  Pikel (D:4)
  Blork the orc (D:4)
  A scorpion (D:4)
  3 killer bees
  2 hounds (D:4)
  4 orc priests (D:4)
  3 orc wizards (D:4)
  A gnoll (D:1)
  A howler monkey skeleton (D:4)
  2 adders
  An adder skeleton (D:4)
  A dart slug (D:1)
  5 leopard geckos
  10 orcs (D:4)
  A bat (D:2)
  3 giant cockroaches
  4 hobgoblins
  6 jackals (Sewer)
  A quokka (D:2)
  4 ball pythons
  4 frilled lizards
  2 goblins
  7 kobolds
  A leopard gecko skeleton (D:4)
  4 rats
  4 plants (Sewer)
77 creatures vanquished.

Vanquished Creatures (others)
  A slave (D:4)
  3 gnolls (D:4)
  2 orcs (D:4)
  A frilled lizard (D:4)
7 creatures vanquished.

Grand Total: 84 creatures vanquished

Notes
Turn   | Place    | Note
-------+----------+-------------------------------------------
     0 | D:1      | Jannitor the Vine Stalker Fighter began the quest for the
                  | Orb.
     0 | D:1      | Reached XP level 1. HP: 11/11 MP: 2/2
   268 | D:1      | Reached XP level 2. HP: 12/16 MP: 3/3
   336 | D:2      | Found a shattered altar of Ashenzari.
   642 | D:2      | Found an ancient bone altar of Kikubaaqudgha.
   683 | D:2      | Reached XP level 3. HP: 17/20 MP: 4/4
   830 | D:2      | Found a deep blue altar of Sif Muna.
  1010 | D:4      | Noticed Pikel
  1010 | D:4      | Noticed a slave
  1010 | D:4      | Noticed a slave
  1010 | D:4      | Noticed a slave
  1010 | D:4      | Noticed a slave
  1018 | D:4      | Got a dazzling hand axe
  1019 | D:4      | Identified the +4 hand axe "Secret Weapon" {drain, *Contam
                  | Str+6 Dex+8} (You found it on level 4 of the Dungeon)
  1028 | D:4      | Killed Pikel
  1028 | D:4      | Gained mutation: Your natural rate of healing is unusually
                  | fast. [Vine Stalker growth]
  1028 | D:4      | Reached XP level 4. HP: 12/25 MP: 2/5
  1028 | D:4      | Reached XP level 5. HP: 14/29 MP: 2/6
  1028 | D:4      | Reached XP level 6. HP: 16/33 MP: 2/7
  1028 | D:4      | Reached XP level 7. HP: 18/37 MP: 2/8
  1206 | D:4      | Noticed Blork the orc
  1226 | D:4      | Killed Blork the orc
  1290 | D:4      | Gained mutation: Your body sometimes deteriorates upon
                  | taking damage. [mutagenic glow]
  1317 | D:4      | Found a bloodstained altar of Trog.
  1362 | D:4      | Found a glowing drain.
  1364 | D:4      | Gained mutation: You have razor-sharp teeth. [Vine Stalker
                  | growth]
  1364 | D:4      | Reached XP level 8. HP: 42/42 MP: 9/9
  1372 | Sewer    | Entered a sewer
  2159 | D:4      | Found a staircase to the Ecumenical Temple.
  2287 | Temple   | Entered the Ecumenical Temple
  2378 | D:5      | Entered Level 5 of the Dungeon
  2402 | D:5      | Reached skill level 5 in Shields
  2406 | D:5      | Reached skill level 5 in Fighting
  2502 | D:4      | Slain by a killer bee

Levels and vault maps discovered:
D:1:      minmay_arrival_five_plusses, layout_loops_ring
D:2:      layout_loops_ring, kiku_gazebo_pond_becter, lemuel_blue_sif_altar,
          evilmike_ruin_ashenzari
D:3:      layout_basic, nicolae_gozag_zags_fifth_avenue,
          kennysheep_jessica_study, uniq_ijyb, uniq_natasha
D:4:      layout_cave_pools, lemuel_coloured_pillars_altar,
          minmay_temple_entry_sparse_star, first_ration, portal_sewer_entry_b,
          uniq_pikel, uniq_blork_the_orc
D:5:      layout_loops_ring, eat_drink_and_be_merry_uskayaw,
          minmay_misc_feat_rugged, uniq_grinder, uniq_crazy_yiuf_cottage
Temple:   nicolae_temple_hex_pool

Skill      XL: |  1  2  3  4  5  6  7  8 |
---------------+-------------------------+-----
Axes           | 2 3 4 |  4.6
Fighting       | 3 4 5 |  5.0
Shields        | 3 4 5 |  5.0
Armour         | 3 4 |  4.6

Action                   |  1- 3 |  4- 6 |  7- 9 || total
-------------------------+-------+-------+-------++-------
Melee: War axe           |    49 |       |       ||    49
       Bite              |    20 |       |    36 ||    56
       Hand axe          |     8 |       |    50 ||    58
       Broad axe         |       |       |   104 ||   104
Evoke: Wand              |       |       |     1 ||     1
  Use: Potion            |     1 |       |     7 ||     8
 Stab: Paralysed         |       |       |     3 ||     3
  Eat: Chunk             |       |       |     5 ||     5
Armor: Scale mail        |     3 |       |       ||     3
       Plate armour      |    35 |       |    80 ||   115
       Skin              |       |       |    29 ||    29
Dodge: Dodged            |     7 |       |    21 ||    28
Block: Shield            |    37 |       |   101 ||   138

Table legend:
 A = Non-vault XP
 B = Vault XP
 C = Vault XP percentage of total XP
 D = Non-vault monster count
 E = Vault monster count
 F = Vault count percentage of total count
                 A         B        C        D         E       F
            +---------+---------+-------+---------+---------+-------
      Total |     745 |     805 |  51.9 |      51 |      22 |  30.1
            +---------+---------+-------+---------+---------+-------
        D:1 |      27 |       0 |   0.0 |       8 |       0 |   0.0
        D:2 |      15 |       0 |   0.0 |       8 |       0 |   0.0
        D:3 |       6 |       0 |   0.0 |       3 |       0 |   0.0
        D:4 |     575 |     769 |  57.2 |      30 |       6 |  16.7
        D:5 |     122 |       0 |   0.0 |       2 |       0 |   0.0
      Sewer |       0 |      36 | 100.0 |       0 |      16 | 100.0
            +---------+---------+-------+---------+---------+-------
